 Dungeon Crawl Stone Soup version 0.29.1-2-gbd0b4ee654 (webtiles) character file.

Game seed: 10640753939521317125

2 zeram the Magician (level 1, -1/15 HPs)
             Began as a Djinni Enchanter on Nov 10, 2022.
             Slain by a kobold
             ... wielding a +0 short sword of draining
              (4 damage)
             ... on level 1 of the Dungeon.
             The game lasted 00:00:27 (39 turns).

zeram the Magician (Djinni Enchanter)                 Turns: 39, Time: 00:00:27

Health: -1/15      AC:  2    Str:  7    XL:     1   Next: 44%
Gold:   0          EV: 12    Int: 16    God:
                   SH:  0    Dex: 13

rFire   + + .      SeeInvis .   a - +1 dagger
rCold   x . .      Faith    .   (no shield)
rNeg    . . .      Spirit   .   b - +0 robe
rPois   ∞          Reflect  .   (no helmet)
rElec   .          Harm     .   (no cloak)
rCorr   .          Rampage  .   (no gloves)
Will    .....                   (boots unavailable)
Stlth   ++........              (no amulet)
HPRegen 0.05/turn               (no ring)
MPRegen 0.00/turn               (no ring)

@: flying
A: sickness immunity, fire resistance 2, cold vulnerability 1, float, innate
caster, HP casting, extra vitality 1
a: no special abilities


You were on level 1 of the Dungeon.
You visited 1 branch of the dungeon, and saw 1 of its levels.

Inventory:

Hand Weapons
 a - a +1 dagger (weapon)
Armour
 b - a +0 robe (worn)
Potions
 c - 2 potions of invisibility
 d - a potion of curing {unknown}


   Skills:
 + Level 0.8 Short Blades
 + Level 2.2 Dodging
 - Level 2.4 Stealth
 + Level 2.5 Spellcasting


You couldn't memorise any spells.
You knew the following spells:

 Your Spells              Type           Power      Damage    Failure   Level
a - Ensorcelled Hibernat  Hex/Ice        20%        N/A       11%         2
b - Confusing Touch       Hex            10%        N/A       21%         3
c - Tukima's Dance        Hex            10%        N/A       21%         3
d - Dazzling Flash        Conj/Hex       20%        N/A       21%         3
Your spell library was empty.

Dungeon Overview and Level Annotations

Branches:
Dungeon (1/15)

Altars:


Innate Abilities, Weirdness & Mutations

You are immune to sickness and miasma.
You are immune to poison.
Your flesh is very heat resistant. (rF++)
You are vulnerable to cold. (rC-)
You float through the air rather than walking.
You learn spells naturally, not from books.
Your magical power is your life essence.
You have superior vitality. (+4 MHP)


Message History

You hit the dart slug.
The dart slug is almost dead.
The kobold closely misses you.
You hit the dart slug.
You kill the dart slug!
The kobold hits you with a +0 short sword of draining.
You hit the kobold.
The kobold is moderately wounded.
The kobold hits you with a +0 short sword of draining.
You closely miss the kobold.
The kobold is moderately wounded.
The kobold hits you with a +0 short sword of draining.
You closely miss the kobold.
The kobold is moderately wounded.
The kobold hits you with a +0 short sword of draining.
You are too injured to fight recklessly!
You are too injured to fight recklessly!
You are too injured to fight recklessly!
The kobold hits you but does no damage. The frilled lizard closely misses you.
The frilled lizard attacks as you move away!
The frilled lizard barely misses you. The kobold attacks as you move away!
The kobold closely misses you. The kobold attacks as you move away!
The kobold misses you.
There is an open door here.
The kobold attacks as you move away!
The kobold hits you with a +0 short sword of draining.
* * * LOW HITPOINT WARNING * * *
The kobold attacks as you move away!
The kobold hits you with a +0 short sword of draining.
* * * LOW HITPOINT WARNING * * *
Cast which spell? (? or * to list)
You aren't experienced enough to cast this spell.
You hit the kobold.
The kobold is severely wounded.
The kobold hits you but does no damage.
Unknown command.
You barely miss the kobold.
The kobold is severely wounded.
The kobold hits you with a +0 short sword of draining.
You die...

###.### ....# +..<..+
##....# ######.#######
......
#.............####...####
####.#####.####..........
##.#####.##........#
#.........#...#....#
######.######...........
+.........@Kl.###.######
######.######## .# #.# ..
#.# ... ### .?.


You could see a kobold and a frilled lizard.

Vanquished Creatures
  A dart slug (D:1)
1 creature vanquished.

Notes
Turn   | Place    | Note
-------+----------+-------------------------------------------
     0 | D:1      | zeram the Djinni Enchanter began the quest for the Orb.
     0 | D:1      | zeram set off with the following spells memorised:
                  | Ensorcelled Hibernation, Confusing Touch, Tukima's Dance,
                  | Dazzling Flash.
     0 | D:1      | Reached XP level 1. HP: 15/15 MP: 0/0
    39 | D:1      | Slain by a kobold

Illustrated notes

Levels and vault maps discovered:
D:1:      shiori_shiawase, layout_basic, serial_shops, nicolae_lakefront_shop,
          nicolae_shop_waterfront, minmay_misc_feat_five

Action                   || total
-------------------------++-------
Melee: Dagger            ||     9
Armor: Robe              ||     2
Dodge: Dodged            ||     5
